 Dungeon Crawl Stone Soup version 0.27.1-3-gb3d3a73c9e (webtiles) character file.

Game seed: 2455729406083237675

57 Descartes the Sneak (level 3, -2/18 HPs)
             Began as a Spriggan Wanderer on Oct 17, 2021.
             Slain by an adder (4 damage)
             ... on level 2 of the Dungeon.
             The game lasted 00:06:51 (3295 turns).

Descartes the Sneak (Spriggan Wanderer)             Turns: 3295, Time: 00:06:52

Health: -2/18      AC:  2    Str:  9    XL:     3   Next: 73%
Magic:  6/6        EV: 20    Int: 13    God:
Gold:   58         SH:  6    Dex: 14    Spells: 3/4 levels left

rFire    . . .     SeeInvis +   a - +0 dagger
rCold    . . .     Faith    .   d - +0 buckler
rNeg     . . .     Spirit   .   c - +0 robe
rPois    .         Reflect  .   (helmet restricted)
rElec    .         Harm     .   (no cloak)
rCorr    .         Rampage  .   (gloves unavailable)
Will     .....                  (boots unavailable)
Stlth    +++.......             (no amulet)
HPRegen  0.06/turn              g - +4 ring of evasion
MPRegen  0.10/turn              (no ring)

@: lethally poisoned (-2 -> -5), very quick
A: very small, no large weapons, unfitting armour, see invisible, speed 3
a: no special abilities


You were on level 2 of the Dungeon.
You visited 1 branch of the dungeon, and saw 2 of its levels.

You collected 58 gold pieces.

Inventory:

Hand Weapons
 a - a +0 dagger (weapon)
 b - a +0 hunting sling
Missiles
 f - 15 stones
 h - 17 arrows
 m - 5 boomerangs
Armour
 c - a +0 robe (worn)
 d - a +0 buckler (worn)
Jewellery
 g - a +4 ring of evasion (left hand)
Scrolls
 i - 2 scrolls of fog {unknown}
 k - a scroll of noise {unknown}
 o - a scroll of fear {unknown}
 p - a scroll of teleportation {unknown}
Potions
 e - a potion of cancellation {unknown}
 j - 2 potions of lignification
 l - 2 potions of curing {unknown}
 n - a potion of haste {unknown}


   Skills:
 - Level 1.5 Fighting
 + Level 1.2 Short Blades
 + Level 0.8 Slings
 + Level 2.2 Dodging
 + Level 5.0 Stealth
 * Level 1.8 Shields
 - Level 1.3 Spellcasting
 + Level 0.8 Hexes
 - Level 1.7 Earth Magic


You had 3 spell levels left.
You knew the following spells:

 Your Spells              Type           Power      Damage    Failure   Level
a - Summon Small Mammal   Summ           0%         N/A       36%         1

Your spell library contained the following spells:

 Spells                   Type           Power      Damage    Failure   Level
 Ensorcelled Hibernation  Hex/Ice        4%         N/A       45%         2
 Summon Guardian Golem    Hex/Summ       2%         N/A       69%         3
 Spider Form              Tmut/Pois      0%         N/A       75%         3
 Shadow Creatures         Summ           N/A        N/A       100%        6


Dungeon Overview and Level Annotations

Branches:
Dungeon (2/15)

Altars:

Annotations:
D:2 1 runed translucent door, Crazy Yiuf


Innate Abilities, Weirdness & Mutations

You are very small and have problems with some larger weapons.
You are too small for most types of armour.
You have supernaturally acute eyesight. (SInv)
You cover ground extremely quickly. (Speed+++)


Message History

You miss the adder.
The adder is severely wounded.
You feel sick. You block the adder's attack.
You miss the adder.
The adder is severely wounded.
You feel sick. The adder completely misses you. You block the adder's attack.
You hit the adder but do no damage.
The adder is severely wounded.
You feel sick.
You are no longer poisoned.
The adder closely misses you.
You closely miss the adder.
The adder is severely wounded.
The adder closely misses you.
You barely miss the adder.
The adder is severely wounded.
You block the adder's attack.
You hit the adder.
The adder is almost dead.
The adder closely misses you. The adder bites you but does no damage.
You closely miss the adder.
The adder is almost dead.
The adder completely misses you.
You closely miss the adder.
The adder is almost dead.
You block the adder's attack. The adder bites you.
You are poisoned.
The adder poisons you!
You miss the adder.
The adder is almost dead.
You feel sick. The adder closely misses you.
You hit the adder.
The adder is almost dead.
You feel sick. The adder closely misses you.
You hit the adder but do no damage.
The adder is almost dead.
You feel sick. The adder bites you.
* * * LOW HITPOINT WARNING * * *
The adder bites you.
You die...

........[.......^#
...........#####.#
.........#.# #.#
.....###.#.# #.#
##...# #<#.# #.#
#...# #.#.# #.#
##.####.#.# #.#
#....#.#.# #.#
###........# #@#
...)...#.### #S#
#####.##.# ..(
#....# .#.#.
####.# #.#....
#######.# # ### (#
#.......# .#
#######.# # #.#


You could see an adder.

Vanquished Creatures
  2 adders (D:2)
  A worm (D:2)
  2 endoplasms
  4 giant cockroaches
  3 goblins
  A hobgoblin (D:2)
  6 jackals (D:2)
  6 kobolds
  A quokka (D:2)
  2 ball pythons (D:2)
  A bat (D:2)
  A frilled lizard (D:2)
  4 rats
34 creatures vanquished.

Notes
Turn   | Place    | Note
-------+----------+-------------------------------------------
     0 | D:1      | Descartes the Spriggan Wanderer began the quest for the
                  | Orb.
     0 | D:1      | Descartes set off with the following items: a +0 dagger, a
                  | potion of lignification, a +0 robe, a +0 buckler; and the
                  | following spell memorised: Summon Small Mammal; and the
                  | following spells available to memorise: Summon Guardian
                  | Golem
     0 | D:1      | Reached XP level 1. HP: 10/10 MP: 3/3
   450 | D:1      | Found a faded altar of an unknown god.
   834 | D:1      | Reached XP level 2. HP: 14/14 MP: 5/5
  1123 | D:2      | Found a runed translucent door.
  1125 | D:2      | Noticed Crazy Yiuf
  2170 | D:2      | Reached XP level 3. HP: 18/18 MP: 6/6
  2435 | D:2      | Reached skill level 1 in Short Blades
  2903 | D:2      | Reached skill level 5 in Stealth
  3295 | D:2      | Slain by an adder

Illustrated notes

Levels and vault maps discovered:
D:1:      nzn_arrival_crosshair, layout_basic, chequers_ecumenical_altar_grove
D:2:      layout_loops_ring, chequers_arboretum, minmay_strange_pillars,
          minmay_tromino_v2, uniq_crazy_yiuf_cottage

Skill      XL: |  1  2  3 |
---------------+----------+-----
Dodging        | 2 |  2.2
Short Blades   | 1 |  1.2
Stealth        | 5 |  5.0
Fighting       | |  1.5
Slings         | |  0.8
Shields        | |  1.8
Spellcasting   | |  1.3
Hexes          | |  0.8
Earth Magic    | |  1.7

Action                   || total
-------------------------++-------
Melee: Dagger            ||   198
 Fire: Hunting sling     ||    41
 Stab: Sleeping          ||     6
       Distracted        ||     1
Armor: Robe              ||    17
Dodge: Dodged            ||   130
Block: Buckler           ||    38
